Map: Curious Minds LE

Players

fluo

  • Race: Terran Terran

TLHarstem (Harstem) - Winner!

  • Race: Zerg Zerg
  • League: Master

VOD

Have the link to the VOD?

Description

Time

  • Played on: Jan. 27, 2022, 12:27 p.m.
  • Length: 11:01
Show
View Real Time Build Order
Export as new Build Order

fluo Terran 

Build Orders: Reaper Expand, Hellion Banshee 

Get SALT Encoding   

  12  0:00  SCV  
  13  0:12  SCV  
  14  0:17  Supply Depot  
  14  0:24  SCV  
  15  0:38  SCV  
  15  0:40  Barracks  
  16  0:44  Refinery  
  16  0:50  SCV  
  17  1:03  SCV  
  18  1:15  SCV  
  19  1:27  Orbital Command  
  19  1:28  Reaper  
  20  1:41  Command Center  
  20  1:51  Supply Depot  
  20  1:54  SCV  
  20  2:00  Marine  
  22  2:06  SCV  
  23  2:15  Factory  
  23  2:18  Refinery  
  23  2:19  SCV  
  24  2:23  Barracks Reactor  
  24  2:31  SCV  
  25  2:43  SCV  
  26  2:54  Orbital Command  
  26  2:55  SCV  
  27  3:00  Starport  
  27  3:07  SCV, Barracks Tech Lab  
  28  3:16  Hellion x2  
  28  3:19  SCV x2  
  34  3:27  Supply Depot  
  34  3:31  SCV x2  
  36  3:38  Hellion x2  
  40  3:43  SCV x2  
  42  3:51  Banshee  
  45  3:55  SCV  
  45  3:56  SCV, Supply Depot  
  45  4:02  Hellion x2  
  51  4:09  Marine, Bunker  
  51  4:14  SCV  
  52  4:17  Supply Depot  
  44  4:38  SCV x2, Marine  
  44  4:39  Widow Mine  
  44  4:42  Viking  
  44  4:44  Widow Mine  
  45  4:50  SCV  
  45  4:52  SCV  
  44  5:03  SCV  
  44  5:04  SCV, Barracks Tech Lab  
  46  5:12  Supply Depot  
  46  5:16  Starport Tech Lab  
  46  5:18  Supply Depot  
  46  5:26  Factory Reactor  
  46  5:34  SCV x2  
  46  5:35  Command Center  
  48  5:42  Stimpack  
  48  5:44  Barracks  
  48  5:46  SCV x2  
  47  5:50  Barracks, Supply Depot  
  47  5:52  Marine  
  47  5:55  Starport Reactor  
  48  5:58  SCV x2  
  48  6:09  Marine  
  48  6:10  SCV x2  
  49  6:13  Engineering Bay  
  49  6:14  Engineering Bay  
  49  6:21  Refinery  
  49  6:22  Supply Depot, SCV  
  49  6:25  Siege Tank  
  53  6:26  SCV  
  53  6:27  Marine  
  55  6:35  SCV  
  55  6:38  SCV, Medivac  
  55  6:39  Marine x2, Medivac  
  61  6:47  SCV, Terran Infantry Weapons Level 1, Refinery  
  61  6:52  Terran Infantry Armor Level 1  
  61  6:53  Orbital Command  
  61  6:55  Marine  
  61  6:56  Marine x2  
  61  6:57  Marine  
  65  7:02  Siege Tank  
  65  7:08  SCV x2  
  70  7:11  Medivac  
  72  7:15  Marine x2  
  72  7:16  Marine x3  
  77  7:24  Barracks  
  77  7:26  SCV  
  77  7:29  Medivac  
  80  7:33  Marine x3  
  83  7:38  Barracks, Siege Tank  
  83  7:39  Orbital Command  
  83  7:42  SCV x2  
  88  7:51  Supply Depot  
  88  7:53  Supply Depot, Combat Shield, Marine  
  88  7:55  Marine x2  
  91  8:01  SCV x2  
  93  8:07  Refinery  
  93  8:12  SCV  
  94  8:13  SCV x2  
  94  8:15  Supply Depot  
  96  8:20  Marine  
  96  8:21  Marauder, Marine x4  
  96  8:22  Siege Tank  
  96  8:26  SCV x3  
  109  8:36  Armory  
  109  8:38  SCV x3  
  109  8:41  Supply Depot  
  112  8:42  Supply Depot  
  112  8:43  Barracks Reactor, Barracks Tech Lab  
  112  8:45  Marine x2  
  114  8:50  SCV  
  114  8:55  Marauder, Marine x2  
  104  9:01  SCV x2  
  104  9:02  SCV  
  95  9:06  Marauder, Marine x2  
  97  9:12  Marine  
  97  9:13  SCV x2, Marine  
  97  9:15  SCV  
  102  9:17  Marine  
  102  9:24  Marine  
  103  9:25  SCV x2  
  103  9:27  SCV  
  103  9:29  Marine x3  
  110  9:37  SCV x2  
  110  9:39  SCV, Marauder, Marine x2  
  110  9:40  Medivac  
  110  9:41  Refinery  
  117  9:47  Medivac  
  117  9:48  Siege Tank  
  117  9:49  Marine  
  117  9:50  Marine  
  124  9:54  SCV  
  125  10:05  Marine x2  
  125  10:06  Marauder x2, Marine  
  110  10:14  Marine  
  110  10:19  SCV x2  
  99  10:25  Marine x5  
  99  10:26  Medivac x2, Siege Tank  
  99  10:27  Marauder  
  99  10:28  Marauder  
  101  10:31  SCV x2  
  101  10:32  Marine  
  101  10:33  SCV  
  105  10:43  SCV x2, Marine  
Show
View Real Time Build Order
Export as new Build Order

TLHarstem Zerg - Winner!

Build Orders: Hatch First 

Get SALT Encoding   

  12  0:00  Drone  
  13  0:12  Overlord  
  13  0:17  Drone  
  14  0:31  Drone x2  
  16  0:47  Hatchery  
  15  0:51  Drone  
  15  0:54  Drone  
  17  0:59  Drone  
  18  1:08  Extractor  
  17  1:13  Spawning Pool  
  17  1:15  Drone  
  17  1:19  Drone  
  18  1:28  Drone  
  19  1:41  Drone  
  20  1:50  Drone  
  21  2:01  Queen x2  
  21  2:02  Zergling x4  
  27  2:10  Overlord  
  27  2:11  Drone  
  28  2:17  Roach Warren  
  27  2:24  Drone  
  27  2:29  Drone  
  29  2:33  Drone  
  29  2:34  Drone  
  31  2:43  Overlord x2  
  31  3:00  Roach  
  31  3:01  Roach  
  35  3:08  Roach x2  
  35  3:10  Roach  
  35  3:11  Roach x4  
  49  3:27  Ravager  
  49  3:29  Hatchery  
  49  3:39  Drone x2  
  49  3:40  Overlord  
  49  3:41  Drone  
  52  3:55  Overlord  
  51  3:57  Queen  
  51  4:00  Drone x2  
  51  4:01  Drone x2  
  57  4:09  Overlord  
  57  4:10  Drone x2  
  57  4:13  Spore Crawler  
  57  4:16  Spore Crawler  
  57  4:29  Drone x2  
  57  4:30  Drone  
  60  4:31  Lair  
  60  4:33  Extractor  
  60  4:38  Drone x5  
  52  4:46  Drone x2  
  52  4:50  Drone  
  51  4:56  Extractor  
  46  5:01  Roach x2  
  46  5:03  Spore Crawler, Queen  
  46  5:06  Drone x3  
  54  5:12  Roach x3  
  60  5:17  Drone  
  61  5:23  Drone x2  
  61  5:24  Drone x3  
  61  5:27  Extractor  
  61  5:28  Drone  
  66  5:31  Drone x2  
  66  5:35  Glial Reconstitution  
  68  5:37  Overseer  
  68  5:47  Drone  
  69  5:52  Queen  
  69  5:53  Drone x4  
  69  5:54  Drone x2  
  77  6:00  Overlord x2  
  77  6:01  Overlord  
  77  6:05  Overlord  
  77  6:20  Overlord  
  77  6:23  Roach x6  
  77  6:24  Overlord, Roach x2  
  93  6:27  Overlord  
  93  6:28  Overlord x2  
  93  6:29  Drone x3  
  96  6:33  Drone x2  
  96  6:39  Drone x2  
  101  6:40  Drone  
  101  6:45  Overlord  
  102  6:47  Drone x2  
  102  6:49  Extractor  
  102  6:51  Extractor  
  101  6:59  Overlord  
  101  7:05  Drone x2  
  101  7:06  Evolution Chamber  
  101  7:07  Evolution Chamber  
  101  7:09  Roach x7  
  101  7:10  Roach  
  101  7:15  Pneumatized Carapace  
  117  7:17  Ravager x3  
  117  7:18  Hatchery  
  117  7:21  Drone x2  
  121  7:33  Overlord  
  121  7:34  Overlord  
  121  7:35  Drone  
  121  7:36  Drone x11  
  133  7:41  Infestation Pit  
  133  7:43  Hydralisk Den  
  131  7:56  Zerg Missile Weapons Level 1, Zerg Ground Armor Level 1  
  131  8:00  Drone x7  
  131  8:03  Roach x6  
  150  8:07  Ravager x6  
  150  8:10  Roach  
  150  8:11  Roach  
  160  8:19  Overlord  
  160  8:24  Overlord  
  160  8:26  Roach x4  
  168  8:29  Hive  
  168  8:34  Lurker Den  
  168  8:35  Roach x4  
  168  8:37  Overlord x2  
  168  8:40  Extractor  
  174  8:41  Extractor  
  174  8:44  Roach x4  
  144  8:58  Roach x2  
  144  8:59  Roach x7  
  149  9:05  Roach x5  
  157  9:14  Drone  
  157  9:15  Drone x8  
  167  9:24  Ravager x4  
  167  9:25  Ravager, Overlord  
  167  9:28  Roach x3  
  177  9:37  Roach  
  177  9:38  Roach x3  
  185  9:39  Roach  
  185  9:40  Roach x3  
  193  9:51  Extractor, Hatchery  
  191  9:53  Overlord x2  
  191  9:54  Extractor  
  191  9:55  Seismic Spines  
  191  9:57  Hydralisk x5  
  167  10:16  Roach x5  
  167  10:17  Roach x9  
  183  10:32  Drone x2  
  183  10:33  Overlord  
  185  10:41  Roach  
  185  10:42  Roach x6  
Tags
 
Add a new tag
Caveats
  • Supply blocks, unpowered buildings, or Contaminate may cause inaccurate times.
  • Supply counts are checked every 10 seconds.